 Dungeon Crawl Stone Soup version 0.22.1-5-g62c59d919a (webtiles) character file.

156 Jynx the Covered (level 5, -4/33 HPs)
             Began as a Gargoyle Fighter on Jan 13, 2019.
             Splashed by Ijyb's acid (13 damage)
             ... on level 3 of the Dungeon.
             The game lasted 00:02:41 (2037 turns).

Jynx the Covered (Gargoyle Fighter)                 Turns: 2037, Time: 00:02:42

Health: -4/33      AC: 11    Str: 19    XL:     5   Next: 37%
Magic:  5/5        EV:  7    Int:  9    God:
Gold:   126        SH:  9    Dex: 10    Spells: 4/4 levels left

rFire    . . .     SeeInvis .   r - +0 morningstar
rCold    . . .     Gourm    .   c - +0 shield
rNeg     + . .     Faith    .   b - +0 scale mail
rPois    ∞         Spirit   .   (no helmet)
rElec    +         Reflect  .   (no cloak)
rCorr    .         Harm     .   (no gloves)
MR       .....                  (no boots)
Stlth    ..........             (no amulet)
HPRegen  0.11/turn              (no ring)
MPRegen  0.09/turn              (no ring)

@: no status effects
A: negative energy resistance 1, electricity resistance, unbreathing,
petrification resistance, rot immunity, AC +4
a: no special abilities


You were on level 3 of the Dungeon.
You were not hungry.

You visited 1 branch of the dungeon, and saw 3 of its levels.

You collected 126 gold pieces.

Inventory:

Hand Weapons
 r - a +0 morningstar (weapon)
Armour
 b - a +0 scale mail (worn)
 c - a +0 shield (worn)
Jewellery
 n - an uncursed ring of positive energy {unknown}
Scrolls
 a - a scroll of teleportation {unknown}
 g - 2 scrolls of magic mapping {unknown}
 h - 4 scrolls of identify {unknown}
 i - a scroll of blinking {unknown}
 k - a scroll of noise {unknown}
 m - 2 scrolls of fear {unknown}
 q - a scroll of fog {unknown}
Potions
 d - a potion of might
 e - 2 potions of heal wounds
 j - 2 potions of mutation {unknown}
 l - 2 potions of curing {unknown}
 o - a potion of ambrosia {unknown}
Comestibles
 f - 5 rations
 p - 2 chunks of flesh


   Skills:
 + Level 4.0 Fighting
 * Level 3.7 Maces & Flails
 + Level 4.1 Armour
 + Level 4.1 Shields


You had 4 spell levels left.
You didn't know any spells.
Your spell library was empty.

Dungeon Overview and Level Annotations

Branches:
Dungeon (3/15)

Altars:

Annotations:
D:3 Ijyb


Innate Abilities, Weirdness & Mutations

You are resistant to torment.
Your stone body is resilient. (AC +4)
You are immune to poison.
You resist negative energy. (rN+)
You are resistant to electric shocks. (rElec)
You can survive without breathing.
You are immune to petrification.
You are immune to rotting.


Message History

You see here 18 sling bullets.
You now have 126 gold pieces (gained 11).
You open the door.
Ijyb the Twisted Goblin comes into view.
She is wielding a dagger.
Ijyb shouts!
There is an open door here.
Ijyb is nearby!
You closely miss Ijyb. Ijyb hits you but does no damage.
You hit Ijyb.
Ijyb is moderately wounded.
Ijyb hits you but does no damage.
Ijyb zaps a wand.
The bolt of acid hits you!
Ouch! That really hurt!
You are splashed with acid!
The acid burns!
* * * LOW HITPOINT WARNING * * *
It is a wand of acid (8).
It was a potion of heal wounds.
You feel much better.
Ijyb zaps a wand.
The bolt of acid hits you!
* * * LOW HITPOINT WARNING * * *
You are splashed with acid!
The acid burns!
You die...

#.# #########.# #.#..
#.........#
#.#.###.##....#.#### #
#.#...#>##.........#
.#+#.#.#.#.#..........#
.....#.#.#.#..........#
.....#......(.........
#....#...#.#.#'#.#.#####
...........#.#..@g......
....######.#.#..........
.........#.#.#..........
....####.#.#............
...........###..........
.#######)#####..........
.#......)....###########
#.####....#.# #..#.#


You could see Ijyb.

Vanquished Creatures
  An orc wizard (D:3)
  Terence (D:2)
  2 adders (D:2)
  2 worms (D:2)
  2 dart slugs
  2 orcs (D:3)
  2 ball pythons (D:1)
  9 bats
  5 giant cockroaches
  3 goblins
  11 hobgoblins
  10 jackals
  4 kobolds
  4 quokkas (D:2)
  A frilled lizard (D:1)
  6 rats
65 creatures vanquished.

Notes
Turn   | Place    | Note
-------+----------+-------------------------------------------
     0 | D:1      | Jynx the Gargoyle Fighter began the quest for the Orb.
     0 | D:1      | Reached XP level 1. HP: 14/14 MP: 1/1
   132 | D:1      | Reached XP level 2. HP: 17/19 MP: 2/2
   343 | D:1      | Reached XP level 3. HP: 23/23 MP: 3/3
  1230 | D:2      | Reached XP level 4. HP: 29/29 MP: 4/4
  1660 | D:2      | Noticed Terence
  1675 | D:2      | Killed Terence
  1675 | D:2      | Reached XP level 5. HP: 33/33 MP: 5/5
  2032 | D:3      | Noticed Ijyb
  2037 | D:3      | Splashed by Ijyb's acid

Skill      XL: |  1  2  3  4  5 |
---------------+----------------+-----
Maces & Flails | 3 |  3.7
Armour         | 4 |  4.1
Shields        | 4 |  4.1
Fighting       | 4 |  4.0

Action                   |  1- 3 |  4- 6 || total
-------------------------+-------+-------++-------
Melee: Flail             |   154 |    65 ||   219
       Morningstar       |       |    22 ||    22
  Use: Potion            |       |     2 ||     2
  Eat: Chunk             |     1 |     3 ||     4
Armor: Scale mail        |   112 |    48 ||   160
Dodge: Dodged            |    61 |    20 ||    81
Block: Shield            |    95 |    47 ||   142
